 Dungeon Crawl Stone Soup version 0.27.1-4-g1640c2035a (webtiles) character file.

Game seed: 15468156100515255264

7216 DearestLeader the Cleaver (level 10, -3/83 HPs)
             Began as a Minotaur Fighter on Nov 1, 2021.
             Was a High Priest of Okawaru.
             Killed from afar by a gargoyle (5 damage)
             ... with a stone arrow
             ... on level 10 of the Dungeon.
             The game lasted 00:14:04 (9840 turns).

DearestLeader the Cleaver (Minotaur Fighter)        Turns: 9840, Time: 00:14:05

Health: -3/83      AC: 18    Str: 21 (23) XL:     10   Next: 87%
Magic:  7/14       EV:  8    Int:  3 (6)  God:    Okawaru [*****.]
Gold:   442        SH: 13    Dex:  7 (10) Spells: 9/9 levels left

rFire    . . .     SeeInvis .   a - +0 war axe
rCold    . . .     Faith    .   c - +0 kite shield
rNeg     . . .     Spirit   .   F - +0 plate armour
rPois    .         Reflect  .   (helmet restricted)
rElec    .         Harm     .   (no cloak)
rCorr    .         Rampage  .   G - +0 pair of gloves
Will     .....                  i - +0 pair of boots
Stlth    ..........             n - amulet of the acrobat
HPRegen  0.23/turn              l - ring of flight
MPRegen  0.14/turn              N - ring of wizardry

@: brilliant, heroic, finesse-ful, flying
A: horns 2, retaliatory headbutt, evolution 1
a: Renounce Religion, Heroism, Finesse


You were on level 10 of the Dungeon.
You worshipped Okawaru.
Okawaru was extremely pleased with you.
You visited 2 branches of the dungeon, and saw 11 of its levels.

You collected 442 gold pieces.

Inventory:

Hand Weapons
 a - a +0 war axe (weapon)
 E - a +1 hand axe of venom
 Q - a +4 dire flail of freezing
 R - a +4 mace
Missiles
 O - a throwing net (quivered)
Armour
 c - a +0 kite shield (worn)
 i - a +0 pair of boots (worn)
 v - the +2 pair of gloves of Chimes {rF+ rN++ Str-5}
   (You found it on level 10 of the Dungeon)

   Str:       It affects your strength (-5).
   rF:        It protects you from fire.
   rN:        It greatly protects you from negative energy.
 F - a +0 plate armour (worn)
 G - a +0 pair of gloves (worn)
Jewellery
 l - a ring of flight (left hand)
 n - an amulet of the acrobat (around neck)
 q - a ring of fire
 y - an amulet of magic regeneration
 H - the ring of Cuip Sol {rPois rC- Int+6 SInv Stlth+}
   (You found it on level 5 of the Dungeon)

   [ring of intelligence]

   Int:       It affects your intelligence (+6).
   rC:        It makes you vulnerable to cold.
   rPois:     It protects you from poison.
   SInv:      It lets you see invisible.
   Stlth:     It makes you more stealthy.
 N - a ring of wizardry (right hand)
Wands
 r - a wand of paralysis (12)
 t - a wand of flame (12)
 A - a wand of iceblast (7)
 K - a wand of mindburst (23)
 M - a wand of polymorph (6)
Scrolls
 b - 3 scrolls of immolation {unknown}
 e - a scroll of enchant weapon {unknown}
 f - 2 scrolls of fog {unknown}
 j - 7 scrolls of identify {unknown}
 k - 2 scrolls of summoning {unknown}
 m - 4 scrolls of teleportation {unknown}
 p - 3 scrolls of acquirement {unknown}
 s - 6 scrolls of fear {unknown}
 w - a scroll of noise {unknown}
 C - a scroll of silence {unknown}
 D - a scroll of amnesia {unknown}
 J - a scroll of enchant armour {unknown}
 P - a scroll of torment {unknown}
Potions
 d - 2 potions of might
 g - a potion of attraction
 h - 3 potions of haste
 o - a potion of mutation
 u - a potion of flight {unknown}
 z - a potion of lignification
 B - 2 potions of degeneration
 I - a potion of heal wounds {unknown}


   Skills:
 + Level 5.7(10.7) Fighting
 * Level 13.0(18.0) Axes
 + Level 7.4(12.4) Armour
 + Level 10.1(15.1) Shields
 + Level 7.2 Invocations


You had 9 spell levels left.
You didn't know any spells.
Your spell library contained the following spells:

 Spells                   Type           Power      Damage    Failure   Level
 Animate Skeleton         Necr           0%         N/A       95%         1
 Corona                   Hex            0%         N/A       95%         1
 Pain                     Necr           0%         1d4       95%         1
 Shock                    Conj/Air       0%         1d3       95%         1
 Corpse Rot               Necr/Air       N/A        N/A       98%         2
 Ensorcelled Hibernation  Hex/Ice        0%         N/A       98%         2
 Poisonous Vapours        Pois/Air       0%         N/A       98%         2
 Conjure Flame            Conj/Fire      0%         6-21      100%        3
 Frozen Ramparts          Ice            0%         1d2       100%        3
 Ignite Poison            Fire/Tmut/Pois 0%         N/A       100%        3
 Swiftness                Air            0%         N/A       100%        3
 Tukima's Dance           Hex            0%         N/A       100%        3
 Vampiric Draining        Necr           0%         2d6       100%        3
 Airstrike                Air            0%         N/A       100%        4
 Ice Form                 Ice/Tmut       0%         N/A       100%        4
 Olgreb's Toxic Radiance  Pois           0%         N/A       100%        4
 Sticky Flame             Conj/Fire      0%         2d3       100%        4
 Summon Ice Beast         Ice/Summ       0%         N/A       100%        4
 Freezing Cloud           Conj/Ice/Air   0%         6-21      100%        5
 Ozocubu's Refrigeration  Ice            0%         4d5       100%        7
 Ignition                 Fire           0%         3d3       100%        8


Dungeon Overview and Level Annotations

Branches:
Dungeon (10/15)            Temple (1/1) D:4
   Lair: D:8-11         Orc: D:9-12

Altars:
Cheibriados
Dithmenos
Fedhas
Hepliaklqana
Makhleb
Nemelex Xobeh
Okawaru
Qazlal
Uskayaw
Vehumet
Xom
Zin
The Shining One

Annotations:
D:10 Grum


Innate Abilities, Weirdness & Mutations

You have a pair of horns on your head.
You reflexively headbutt those who attack you in melee.
You evolve.


Message History

The wolf bites you. x2
You gain the combat prowess of a mighty hero.
The wolf bites you but does no damage. x2; The wolf closely misses you.
Grum hits you from afar with a +1 spear.
* * * LOW HITPOINT WARNING * * *
You block the wolf's attack. x2; The wolf bites you.
* * * LOW HITPOINT WARNING * * *
You can now deal lightning-fast blows.
The wolf bites you but does no damage. You block the gargoyle's attack.
You block the wolf's attack. The wolf bites you but does no damage.
Grum hits you from afar with a +1 spear!
* * * LOW HITPOINT WARNING * * *
The wolf bites you but does no damage.
You slash the gargoyle!
The gargoyle is moderately damaged.
You completely miss the wolf. You slash the wolf! You barely miss the wolf.
The wolf bites you but does no damage. The gargoyle hits you with a +0 flail.
* * * LOW HITPOINT WARNING * * *
The wolf bites you but does no damage.
You hit the gargoyle but do no damage.
You headbutt the gargoyle, but do no damage.
The gargoyle is moderately damaged.
You hit the wolf. x2; You slash the wolf!
You kill the wolf!
Okawaru accepts your kill. You block the wolf's attack. Grum barely misses you.
The wolf bites you.
* * * LOW HITPOINT WARNING * * *
You are too injured to fight recklessly!
It was a potion of mutation.
You feel extremely strange.
You feel nature experimenting on you.
Don't worry, failures die fast.
You block the wolf's attack. x2; You block the gargoyle's attack.
Grum misses you. You block the wolf's attack.
It was a potion of brilliance.
You feel clever all of a sudden. The wolf bites you.
* * * LOW HITPOINT WARNING * * *
You block the wolf's attack.
The gargoyle hurls a stone arrow at you.
The stone arrow hits you.
You die...

.# ......... #....
......... #.....
..#......
#..#.#.###........
..................
.................
#........†!.#...
#......9hh#.....
#.......@.g..#
#........###...>.
#........# ...$
#........# ...
#........# ..
#........# .
##..)..####
#<÷......#
#.#....#.#


You could see Grum, a gargoyle and 2 wolves.

Vanquished Creatures
  A catoblepas (D:10)
  An ugly thing (D:9)
  Joseph (D:7)
  3 wyverns
  Sigmund (D:6)
  6 yaks (D:9)
  2 steam dragons
  An acid dragon (D:9)
  6 water moccasins
  A black bear (D:6)
  2 orc warriors
  An ice beast (D:5)
  2 wolves (D:10)
  2 sky beasts
  4 ogres
  3 centaurs
  A kobold brigand (D:8)
  2 wyvern zombies (D:8)
  2 bullfrogs (D:6)
  3 scorpions
  15 wights
  3 howler monkeys (D:7)
  A bullfrog zombie (D:5)
  A centaur zombie (D:6)
  A gnoll shaman (D:8)
  3 hounds
  3 orc priests
  A bullfrog skeleton (D:4)
  A jelly (D:4)
  9 iguanas
  An orc wizard (D:7)
  2 killer bee zombies (D:7)
  2 hound skeletons (D:4)
  5 gnolls (D:8)
  A howler monkey skeleton (D:5)
  8 adders
  2 worms
  4 dart slugs
  20 orcs
  6 bats
  6 endoplasms
  6 goblins
  A hobgoblin (D:3)
  3 jackals (D:1)
  10 kobolds
  8 quokkas
  5 ball pythons
  3 frilled lizards
  7 rats
183 creatures vanquished.

Vanquished Creatures (others)
  A wight (D:8)
  8 plants (D:9)
9 creatures vanquished.

Grand Total: 192 creatures vanquished

Notes
Turn   | Place    | Note
-------+----------+-------------------------------------------
     0 | D:1      | DearestLeader the Minotaur Fighter began the quest for the
                  | Orb.
     0 | D:1      | Reached XP level 1. HP: 19/19 MP: 0/0
   143 | D:1      | Reached XP level 2. HP: 26/26 MP: 1/1
   603 | D:1      | Reached skill level 3 in Axes
   808 | D:1      | Found a faded altar of an unknown god.
   991 | D:2      | Reached XP level 3. HP: 33/33 MP: 2/2
  1588 | D:3      | Reached skill level 4 in Axes
  1588 | D:3      | Reached XP level 4. HP: 20/40 MP: 3/3
  2609 | D:4      | Reached skill level 5 in Axes
  2609 | D:4      | Reached XP level 5. HP: 43/46 MP: 4/4
  2645 | D:4      | Reached skill level 5 in Shields
  2645 | D:4      | Found a staircase to the Ecumenical Temple.
  2711 | Temple   | Entered the Ecumenical Temple
  2719 | Temple   | Became a worshipper of Warmaster Okawaru
  2862 | D:4      | Reached skill level 1 in Invocations
  2870 | D:4      | Reached XP level 6. HP: 10/52 MP: 5/5
  3297 | D:4      | Reached skill level 6 in Axes
  3434 | D:4      | Reached * piety under Okawaru
  3752 | D:5      | Entered Level 5 of the Dungeon
  3752 | D:5      | Noticed an ice beast
  3762 | D:5      | Killed an ice beast
  3803 | D:5      | Reached XP level 7. HP: 59/59 MP: 7/7
  3988 | D:5      | Reached skill level 7 in Axes
  4662 | D:5      | Reached ** piety under Okawaru
  4664 | D:5      | Reached skill level 8 in Axes
  4869 | D:5      | Found a shimmering altar of Xom.
  5073 | D:5      | Reached XP level 8. HP: 9/67 MP: 9/9
  5361 | D:5      | Reached skill level 5 in Fighting
  5369 | D:5      | Reached skill level 9 in Axes
  5525 | D:5      | Identified the ring of Cuip Sol {rPois rC- Int+6 SInv
                  | Stlth+}
  5921 | D:6      | Reached *** piety under Okawaru
  6239 | D:6      | Reached skill level 10 in Axes
  6239 | D:6      | Reached XP level 9. HP: 73/74 MP: 11/11
  6329 | D:6      | Noticed Sigmund
  6336 | D:6      | Killed Sigmund
  6367 | D:6      | Reached skill level 5 in Invocations
  6393 | D:6      | Reached **** piety under Okawaru
  6943 | D:7      | Reached skill level 5 in Armour
  6999 | D:7      | Reached skill level 11 in Axes
  7565 | D:7      | Found a shadowy altar of Dithmenos.
  7608 | D:7      | Noticed Joseph
  7625 | D:7      | Killed Joseph
  7625 | D:7      | Reached ***** piety under Okawaru
  8012 | D:8      | Reached XP level 10. HP: 75/81 MP: 13/13
  8135 | D:8      | Found a snail-covered altar of Cheibriados.
  8486 | D:8      | Reached skill level 12 in Axes
  8849 | D:9      | Received a gift from Okawaru
  9114 | D:9      | Noticed a red ugly thing
  9145 | D:9      | Killed a red ugly thing
  9146 | D:9      | Reached skill level 10 in Shields
  9463 | D:9      | Noticed a cyclops
  9467 | D:9      | Noticed a catoblepas
  9474 | D:9      | Noticed a six-headed hydra
  9474 | D:9      | Noticed a manticore
  9479 | D:9      | Noticed a centaur warrior
  9503 | D:9      | Noticed a manticore
  9507 | D:10     | Entered Level 10 of the Dungeon
  9513 | D:10     | Killed a catoblepas
  9513 | D:10     | Received a gift from Okawaru
  9794 | D:10     | Identified the +2 pair of gloves of Chimes {rF+ rN++ Str-5}
  9821 | D:10     | Noticed Grum
  9822 | D:10     | Noticed a gargoyle
  9830 | D:10     | Reached skill level 13 in Axes
  9838 | D:10     | HP: 3/83 [wolf[Grum] (3)]
  9839 | D:10     | Gained mutation: You evolve. [potion of mutation]
  9840 | D:10     | Killed from afar by a gargoyle

Illustrated notes

Levels and vault maps discovered:
D:1:      nicolae_arrival_washed_ashore, layout_loops_cross,
          shapermc_ecumenical_altar_hornbeckon, chequers_arboretum
D:2:      layout_basic
D:3:      layout_basic, st_stairs_9, minmay_quantized
D:4:      layout_loops_ring, minmay_temple_entry_butterflies
D:5:      layout_layer_cave, nicolae_overflow_hidden_temple,
          minmay_joined_circles
D:6:      minmay_general_purpose_star, layout_basic, uniq_sigmund
D:7:      layout_loops_ring, grunt_dithmenos_smoke_and_mirrors, uniq_joseph
D:8:      layout_cave_pools, kennysheep_slug_shrine
D:9:      layout_loops_ring, minmay_shattered_shrine
D:10:     layout_rooms, marbit_many_paths, ebering_ghost_rock_garden, uniq_grum
Temple:   eino_narrow_crystal_temple

Skill      XL: |  1  2  3  4  5  6  7  8  9 10 |
---------------+-------------------------------+-----
Shields        | 4 5 6 8 9 10 | 10.1
Axes           | 3 4 5 6 8 10 11 13 | 13.0
Armour         | 4 6 7 |  7.4
Fighting       | 4 5 |  5.7
Invocations    | 1 2 3 4 6 7 |  7.2

Action                   |  1- 3 |  4- 6 |  7- 9 | 10-12 || total
-------------------------+-------+-------+-------+-------++-------
Melee: War axe           |   103 |    88 |    38 |     5 ||   234
       Headbutt          |    13 |    19 |    61 |    30 ||   123
       Hand axe          |       |       |   260 |   147 ||   407
Invok: Heroism           |       |     1 |     1 |     2 ||     4
       Finesse           |       |       |       |     3 ||     3
  Use: Potion            |       |       |     3 |     5 ||     8
Armor: Scale mail        |    51 |    27 |    26 |       ||   104
       Plate armour      |       |       |    76 |    65 ||   141
       Skin              |       |       |       |     1 ||     1
Dodge: Dodged            |    36 |    21 |    60 |    42 ||   159
Block: Kite shield       |    76 |    36 |   156 |   103 ||   371
